 Dungeon Crawl Stone Soup version 0.21.0 (webtiles) character file.

22 Clarigatio the Vexing (level 2, 0/23 HPs)
             Began as a Centaur Arcane Marksman on Apr 3, 2018.
             Slain by a jackal (3 damage)
             ... on level 1 of the Dungeon on Apr 4, 2018.
             The game lasted 00:09:56 (628 turns).

Clarigatio the Vexing (Centaur Arcane Marksman)      Turns: 628, Time: 00:09:57

Health: 0/23       AC:  4    Str: 12    XL:     2   Next: 68%
Magic:  3/3        EV:  9    Int: 17    God:
Gold:   27         SH:  0    Dex:  9    Spells: 2/3 levels left

rFire    . . .     SeeInvis .   a - +0 shortbow
rCold    . . .     Gourm    .   (shield currently unavailable)
rNeg     . . .     Faith    .   m - +0 leather armour (curse)
rPois    .         Spirit   .   (no helmet)
rElec    .         Reflect  .   (no cloak)
rCorr    .         Harm     .   (no gloves)
MR       .....                  (no barding)
Stlth    ..........             (no amulet)
HPRegen  0.07/turn              (no ring)
MPRegen  0.08/turn              (no ring)

@: brilliant, about to teleport, very quick
A: large, hooves 3, deformed body, speed 2, tough skin 3
a: no special abilities


You were on level 1 of the Dungeon.
You were not hungry.

You visited 1 branch of the dungeon, and saw 1 of its levels.

You collected 27 gold pieces.

Inventory:

Hand Weapons
 a - a +0 shortbow (weapon)
Missiles
 i - 29 stones (quivered)
Armour
 e - a +0 robe
 m - a cursed +0 leather armour (worn)
Jewellery
 k - a cursed -3 ring of intelligence {unknown}
 o - a cursed amulet of inaccuracy {unknown}
Scrolls
 b - a scroll of fog {unknown}
 g - a scroll of teleportation
 j - 2 scrolls of identify {unknown}
 n - a scroll of immolation {unknown}
Books
 c - a book of Debilitation

   Spells                             Type                      Level
   a - Corona                         Hexes                        1
   b - Slow                           Hexes                        2
   c - Inner Flame                    Hexes/Fire                   3
   d - Portal Projectile              Hexes/Translocation          3
   e - Cause Fear                     Hexes                        4
   f - Leda's Liquefaction            Hexes/Earth                  4
Comestibles
 f - 2 rations
 h - 5 chunks of flesh


   Skills:
 + Level 1.0 Fighting
 + Level 2.9 Bows
 + Level 1.6 Dodging
 + Level 1.0 Spellcasting
 + Level 3.3 Hexes


You had 2 spell levels left.
You knew the following spells:

 Your Spells              Type           Power        Failure   Level  Hunger
a - Corona                Hex            ###....      1%          1    ##.....


Dungeon Overview and Level Annotations

Branches:
Dungeon (1/15)

Altars:


Innate Abilities, Weirdness & Mutations

You have hooves in place of feet.
Armour fits poorly on your strangely shaped body.
You cover ground very quickly.
You have extremely tough skin. (AC +3)


Message History

The jackal barely misses you. The jackal bites you.
* * * LOW HITPOINT WARNING * * *
As you read the scroll labeled NUINTA VOCKODYHU, it crumbles to dust.
You feel strangely unstable.
It was a scroll of teleportation.
The jackal barely misses you. x2
The jackal bites you but does no damage.
Firing (i - inventory. (,) - cycle):
d - 2 arrows (quivered)
Press: ? - help, Shift-Dir - straight line, f/p - jackal
Aim: a jackal You shoot an arrow.
The arrow hits the jackal but does no damage.
The jackal closely misses you. The jackal barely misses you.
The jackal closely misses you.
Firing (i - inventory. (,) - cycle):
d - an arrow (quivered)
Press: ? - help, Shift-Dir - straight line, f/p - jackal
Aim: a jackal You shoot an arrow.
The arrow hits the jackal!
You kill the jackal!
The jackal bites you.
You die...

.. # #. #+# #.
#####.###.#
#..#(.(...##(#
.....#..##.##
......#...##
#(##......###
#@h.........#
####.##.###......
#.##(# #####
..##(# #####.#
#.# #.# #######
#.#
#.....######(#


You could see a jackal.

Vanquished Creatures
  2 dart slugs (D:1)
  A goblin (D:1)
  A hobgoblin (D:1)
  7 jackals (D:1)
  3 kobolds (D:1)
  A rat (D:1)
15 creatures vanquished.

Notes
Turn   | Place    | Note
-------+----------+-------------------------------------------
     0 | D:1      | Clarigatio the Centaur Arcane Marksman began the quest for the Orb.
     0 | D:1      | Reached XP level 1. HP: 16/16 MP: 2/2
    44 | D:1      | Reached skill level 3 in Hexes
   140 | D:1      | Reached XP level 2. HP: 17/23 MP: 0/3
   628 | D:1      | Slain by a jackal

Skill      XL: |  1 |
---------------+----+-----
Hexes          | 3 |  3.3
Fighting       | |  1.0
Bows           | |  2.9
Dodging        | |  1.6
Spellcasting   | |  1.0

Action                   || total
-------------------------++-------
 Fire: Shortbow          ||    61
Throw: Stone             ||    18
 Cast: Corona            ||     3
  Use: Scroll            ||     1
       Potion            ||     1
Armor: Robe              ||     9
       Leather armour    ||    19
Dodge: Dodged            ||    35
